 Dungeon Crawl Stone Soup version 0.26-a0-30-g56b8cd3df0 (webtiles) character file.

Game seed: 3581460054939314557, levelgen mode: deterministic

14 Lanoc the Vexing (level 2, 0/12 HPs)
             Began as a Felid Enchanter on June 1, 2020.
             Was a Follower of Okawaru.
             Slain by a bullfrog zombie (7 damage)
             ... on level 2 of the Dungeon.
             The game lasted 00:01:02 (759 turns).

Lanoc the Vexing (Felid Enchanter)                   Turns: 759, Time: 00:01:04

Health: 0/12       AC:  1    Str:  4    XL:     2   Next: 31%
Magic:  6/6        EV: 22    Int: 16    God:    Okawaru [*.....]
Gold:   45         SH:  0    Dex: 16    Spells: 2/5 levels left
                                        Lives:  0   Deaths: 0

rFire    . . .     SeeInvis +     - Unarmed
rCold    . . .     Gourm    .   (shield unavailable)
rNeg     . . .     Faith    .   (armour unavailable)
rPois    .         Spirit   .   (helmet unavailable)
rElec    .         Reflect  .   (cloak unavailable)
rCorr    .         Harm     .   (gloves unavailable)
MR       .....                  (boots unavailable)
Stlth    +++.......             (no amulet)
HPRegen  0.04/turn              c - +4 ring of evasion
MPRegen  0.10/turn              (no ring)

@: quick
A: very small, no armour, no weapons or thrown items, stealth, claws 1, fangs 3,
see invisible, carnivore, speed 1, shaggy fur 1, slow metabolism 1, sharp paws
a: Heroism, Renounce Religion


You were on level 2 of the Dungeon.
You worshipped Okawaru.
Okawaru was aware of your devotion.
You were full.

You visited 1 branch of the dungeon, and saw 2 of its levels.

You collected 45 gold pieces.

Inventory:

Jewellery
 c - a +4 ring of evasion (left paw)
Scrolls
 a - a scroll of noise {unknown}
 e - 2 scrolls of remove curse {unknown}
Potions
 d - a potion of heal wounds {unknown}
Comestibles
 b - 2 rations


   Skills:
 + Level 0.3 Fighting
 + Level 2.8 Dodging
 * Level 4.4 Stealth
 * Level 1.5 Unarmed Combat
 - Level 2.0 Spellcasting
 + Level 4.6 Hexes


You had 2 spell levels left.
You knew the following spells:

 Your Spells              Type           Power        Failure   Level  Hunger
a - Corona                Hex            ###....      3%          1    #......
b - Ensorcelled Hibernat  Hex/Ice        #.....       12%         2    ###....

Your spell library contained the following spells:

 Spells                   Type           Power        Failure   Level  Hunger
 Confusing Touch          Hex            ###.....     10%         3    ###....
 Tukima's Dance           Hex            ###.....     10%         3    ###....
 Dazzling Flash           Conj/Hex       #.....       24%         3    ###....


Dungeon Overview and Level Annotations

Branches:
Dungeon (2/15)

Altars:
Okawaru


Innate Abilities, Weirdness & Mutations

You cannot wear armour.
You are incapable of wielding weapons or throwing items.
Your paws allow you to move quietly. (Stealth)
You have sharp claws.
You have razor-sharp teeth.
You have supernaturally acute eyesight. (SInv)
You are carnivorous and can eat meat at any time.
You cover ground quickly.
You are covered in fur. (AC +1)
You have a slow metabolism.
Your sharp claws are effective at attacking unaware monsters.


Message History

The bullfrog zombie misses you. x2
You barely miss the bullfrog zombie.
The bullfrog zombie is moderately damaged.
The bat barely misses you. The bullfrog zombie hits you.
You barely miss the bullfrog zombie.
The bullfrog zombie is moderately damaged.
The bat misses you. The bullfrog zombie misses you.
You scratch the bullfrog zombie. Your bite misses the bullfrog zombie.
The bullfrog zombie is heavily damaged.
The bat completely misses you. The bullfrog zombie hits you.
You scratch the bullfrog zombie.
The bullfrog zombie is heavily damaged.
The bat completely misses you. The bullfrog zombie barely misses you.
You scratch the bullfrog zombie.
The bullfrog zombie is severely damaged.
The bat misses you.
The bullfrog zombie completely misses you.
The bullfrog zombie hits you!
Ouch! That really hurt!
You die...

..#####.###.##
#.)...##
#.##### #.#
#.# #.# #>#
#.####.###
#......@.#
######b#Z#
#.#.# ..#.#
.#.... ..#.#.#
#. ..... ## #.
.#


You could see a bullfrog zombie and a bat.

Vanquished Creatures
  A dart slug (D:2)
  A giant cockroach (D:1)
  A goblin (D:1)
  4 hobgoblins
  A ball python (D:1)
  2 kobolds (D:1)
  A rat (D:1)
11 creatures vanquished.

Notes
Turn   | Place    | Note
-------+----------+-------------------------------------------
     0 | D:1      | Lanoc the Felid Enchanter began the quest for the Orb.
     0 | D:1      | Reached XP level 1. HP: 7/7 MP: 4/4
   426 | D:1      | Reached XP level 2. HP: 11/11 MP: 6/6
   492 | D:1      | Learned a level 2 spell: Ensorcelled Hibernation
   674 | D:2      | Found a faded altar of an unknown god.
   690 | D:2      | Became a worshipper of Warmaster Okawaru
   690 | D:2      | Reached * piety under Okawaru
   759 | D:2      | Slain by a bullfrog zombie

Illustrated notes

Levels and vault maps discovered:
D:1:      minmay_arrival_arboretum_small, layout_basic
D:2:      layout_loops_ring, chequers_ecumenical_altar_simple,
          minmay_nonomino_d4

Action                   || total
-------------------------++-------
Melee: Unarmed           ||    37
       Bite              ||     4
 Cast: Corona            ||     2
 Stab: Sleeping          ||     6
  Eat: Chunk             ||     3
Armor: Skin              ||     2
Dodge: Dodged            ||    32

Table legend:
 A = Non-vault XP
 B = Vault XP
 C = Vault XP percentage of total XP
 D = Non-vault monster count
 E = Vault monster count
 F = Vault count percentage of total count
                 A         B        C        D         E       F
            +---------+---------+-------+---------+---------+-------
      Total |      21 |       0 |   0.0 |      11 |       0 |   0.0
            +---------+---------+-------+---------+---------+-------
        D:1 |      13 |       0 |   0.0 |       8 |       0 |   0.0
        D:2 |       8 |       0 |   0.0 |       3 |       0 |   0.0
            +---------+---------+-------+---------+---------+-------
